 Dungeon Crawl Stone Soup version 0.18.1-6-gd335043 (webtiles) character file.

102722 Enroth the Eclecticist (level 15, -1/78 HPs)
             Began as a Deep Elf Earth Elementalist on May 17, 2016.
             Was an Initiate of Gozag.
             Slain by a dire flail of crushing (28 damage)
             ... on level 2 of the Elven Halls on May 19, 2016.
             The game lasted 04:09:18 (27196 turns).

Enroth the Eclecticist (DEEE)                      Turns: 27196, Time: 04:09:19

Health: -1/78      AC: 15    Str:  9    XL:     15   Next: 87%
Magic:  40/49      EV: 19    Int: 25    God:    Gozag
Gold:   2222       SH: 12    Dex: 23    Spells: 10 memorised, 4 levels left

rFire  . . .     SeeInvis +     c - 147 stones
rCold  . . .     Gourm    .     K - +0 leather armour "Kule" {rElec rN+ Dex+5}
rNeg   + . .     Faith    .     m - +0 shield
rPois  .         Spirit   .     (helmet restricted)
rElec  +         Dismiss  .     I - +2 cloak {+Inv}
rCorr  .         Reflect  .     z - +0 pair of gloves {archery}
SustAt .         Harm     .     (no boots)
MR     ++...     Clarity  +     (no amulet)
Stlth  +++.......               w - ring of magical power
                                s - ring of Contentment {Fragile AC+4 Str+4 Dex+3 SInv}

@: bribing [the Elven Halls], very resistant to hostile enchantments, fairly
stealthy
A: horns 1, talons 1, repulsion field 1, iridescent scales 1, clarity, dopey 1,
magic resistance 1
a: Potion Petition, Call Merchant, Bribe Branch, Renounce Religion, Evoke
Invisibility


You were on level 2 of the Elven Halls.
You worshipped Gozag.
Gozag was noncommittal.
You were not hungry.

You visited 6 branches of the dungeon, and saw 26 of its levels.
You also visited: Ossuary and Ice Cave.

You collected 10329 gold pieces.
You spent 3652 gold pieces at shops.
You paid 4455 gold pieces to Gozag.

Inventory:

Missiles
 c - 147 stones (in hand)
Armour
 m - a +0 shield (worn)
 z - a +0 pair of gloves of archery (worn)
 I - a +2 cloak of invisibility (worn)
 K - the +0 leather armour "Kule" (worn) {rElec rN+ Dex+5}
   (You found it on level 3 of the Lair of Beasts)

   It affects your dexterity (+5).
   It insulates you from electricity.
   It protects you from negative energy.
Magical Staves
 i - an uncursed staff of power
 B - an uncursed staff of energy
Rods
 C - a +3 rod of ignition (17/17)
   (You bought it in a shop on level 5 of the Dungeon)
Jewellery
 s - the ring of Contentment (left hand) {Fragile AC+4 Str+4 Dex+3 SInv}
   (You bought it in a shop on level 2 of the Orcish Mines)

   [ring of protection]

   It affects your AC (+4).
   It affects your strength (+4).
   It affects your dexterity (+3).
   It lets you see invisible.
   It will be destroyed if unequipped.
 w - a ring of magical power (right hand)
Wands
 y - a wand of hasting (5/9)
 D - a wand of heal wounds (1/9)
 E - a wand of disintegration (5/24)
 N - a wand of iceblast (7/15)
 P - a wand of digging (14/24)
 V - a wand of slowing (35/48)
Scrolls
 b - 2 scrolls of teleportation
 e - a scroll of amnesia
 n - 17 scrolls of remove curse
 v - a scroll of holy word
 x - 7 scrolls of enchant weapon
 A - 3 scrolls of magic mapping
 H - 5 scrolls of identify
Potions
 f - 3 potions of cancellation
 g - 6 potions of lignification
 h - 8 potions of curing
 k - 2 potions of haste
 l - a potion of resistance
 o - 4 potions of flight
 p - 8 potions of brilliance
 r - 4 potions of berserk rage
 J - 6 potions of heal wounds
 M - 2 potions of magic
Books
 a - a book of Fire

   Spells                             Type                      Level
   a - Ignite Poison                  Fire/Transmutation/Poison    3
   b - Fireball                       Conjuration/Fire             5
   c - Bolt of Fire                   Conjuration/Fire             6
   d - Delayed Fireball               Conjuration/Fire             7
   e - Ring of Flames                 Charms/Fire                  7
 j - a Young Poisoner's Handbook

   Spells                             Type                      Level
   a - Sting                          Conjuration/Poison           1
   b - Cure Poison                    Poison                       2
   c - Mephitic Cloud                 Conjuration/Poison/Air       3
   d - Olgreb's Toxic Radiance        Poison                       4
   e - Venom Bolt                     Conjuration/Poison           5
 t - a book of Misfortune

   Spells                             Type                      Level
   a - Confusing Touch                Hexes                        2
   b - Confuse                        Hexes                        3
   c - Gell's Gravitas                Hexes/Translocation          3
   d - Petrify                        Transmutation/Earth          4
   e - Metabolic Englaciation         Hexes/Ice                    5
   f - Yara's Violent Unravelling     Hexes/Transmutation          5
 u - a book of Necromancy

   Spells                             Type                      Level
   a - Pain                           Necromancy                   1
   b - Animate Skeleton               Necromancy                   1
   c - Vampiric Draining              Necromancy                   3
   d - Regeneration                   Charms/Necromancy            3
   e - Animate Dead                   Necromancy                   4
   f - Control Undead                 Necromancy                   4
Comestibles
 d - 19 bread rations
 q - 5 royal jellies
 F - 3 slices of pizza
 L - 12 meat rations


   Skills:
 + Level 3.3 Fighting
 + Level 4.0 Armour
 + Level 7.1 Dodging
 + Level 3.8 Stealth
 * Level 11.2 Shields
 + Level 19.1 Spellcasting
 + Level 6.4 Conjurations
 + Level 6.3 Charms
 + Level 4.6 Summonings
 + Level 1.2 Necromancy
 + Level 1.1 Transmutations
 + Level 5.4 Air Magic
 + Level 15.8 Earth Magic
 * Level 5.3 Evocations


You had 4 spell levels left.
You knew the following spells:

 Your Spells              Type           Power        Failure   Level  Hunger
a - Sandblast             Erth           ######       0%          1    None
b - Stone Arrow           Conj/Erth      ######       1%          3    None
c - Lee's Rapid Deconstr  Erth           #######...   1%          5    None
d - Ignite Poison         Fire/Trmt/Pois ####....     12%         3    None
e - Deflect Missiles      Chrm/Air       ######....   65%         6    ###....
f - Necromutation         Trmt/Necr      ####......   100%        8    ######.
g - Shatter               Erth           #######...   100%        9    #######
h - Summon Lightning Spi  Summ/Air       #####...     8%          4    None
i - Iron Shot             Conj/Erth      ######....   10%         6    ###....
j - Regeneration          Chrm/Necr      #####.....   2%          3    None


Dungeon Overview and Level Annotations

Branches:
Dungeon (12/15)            Temple (1/1) D:7            Lair (8/8) D:10
  Swamp (0/4) Lair:3        Snake (1/4) Lair:3        Slime (0/6) Lair:8
    Orc (2/2) D:12            Elf (2/3) Orc:2

Altars:
Ashenzari
Cheibriados
Dithmenos
Elyvilon
Fedhas
Gozag
Kikubaaqudgha
Makhleb
Nemelex Xobeh
Okawaru
Pakellas
Qazlal
Ru
Sif Muna
Trog
Vehumet
Xom
Yredelemnul
Zin
Beogh
Jiyva

Shops:
D:5 }   D:11 !   Orc:2 =?:   Lair:2 [   Lair:4 [


Innate Abilities, Weirdness & Mutations

You have a pair of small horns on your head.
You have sharp toenails.
You are surrounded by a mild repulsion field (EV +2).
You are partially covered in iridescent scales (AC +4).
You possess an exceptional clarity of mind.
You are dopey. (Int -2)
You are resistant to hostile enchantments.


Message History

The dire flail of crushing is almost destroyed.
The dire flail of crushing hits you!! The dire flail of crushing hits you.
Casting: Sandblast
Confirm with . or Enter, or press ? or * to list all spells.
Aiming: Sandblast
Press: ? - help, Shift-Dir - straight line, f/p - dire flail of crushing
Aim: a dire flail of crushing (almost destroyed)
The rocky blast hits the dire flail of crushing.
The dire flail of crushing is almost destroyed.
You block the dire flail of crushing's attack.
Casting: Sandblast
Confirm with . or Enter, or press ? or * to list all spells.
Aiming: Sandblast
Press: ? - help, Shift-Dir - straight line, f/p - dire flail of crushing
Aim: a dire flail of crushing (almost destroyed)
The rocky blast hits the dire flail of crushing.
The dire flail of crushing is almost destroyed.
The dire flail of crushing hits you. The dire flail of crushing hits you!!
You die...
Your body crumbles into a pile of gold.

..........# ##...####
..........'#####...##...
#........#')'......#....
.........##.'......#....
#........#'.'......#....
..........'#####...##...
...........# ##...####
...........# #.......
.......@8..# ##......
.......(..## ###....
.e.......## #.##.#
.....#...# #.###.
....###... ###.##.. ...#
##... ##...[... ... ...#
####.##.##.. .. .##
#.#.###.#...
##.####>....


You could see a dire flail of crushing, a neutral deep elf mage (wandering) and
a friendly lightning spire.

Vanquished Creatures
  Nikola (Elf:1)
  Louise (Elf:1)
  A dire elephant (Lair:7)
  2 ettins (Orc:1)
  7 hydras
  A queen ant (Lair:7)
  8 death yaks
  3 orc high priests (Orc:2)
  Urug (Lair:3)
  3 deep elf knights
  Sonja (D:10)
  A hill giant (D:10)
  5 deep elf archers (Elf:1)
  A lindwurm (Lair:8)
  6 orc knights (Orc:2)
  16 deep elf magi
  A cyclops (D:11)
  11 elephants
  2 ugly things (D:11)
  3 ice statues (IceCv)
  6 torpor snails
  7 black mambas
  21 spiny frogs
  9 komodo dragons
  5 rime drakes
  2 giant leeches (Lair:8)
  2 two-headed ogres
  A queen bee (Orc:1)
  A troll (shapeshifter) (Elf:1)
  5 polar bears
  3 trolls
  18 blink frogs
  Prince Ribbit (D:6)
  4 slime creatures (D:12)
  An air elemental (Elf:1)
  A tarantella (shapeshifter) (Elf:1)
  A water elemental (Elf:2)
  40 yaks
  Sigmund (D:6)
  3 wraiths
  3 wyverns
  2 hungry ghosts
  4 basilisks
  A steam dragon (D:9)
  Edmund (D:5)
  11 hippogriffs
  A warg (Orc:1)
  A spatial vortex (Lair:5)
  18 soldier ants (Lair:7)
  4 nagas (Lair:3)
  12 porcupines
  A giant eyeball (shapeshifter) (Elf:1)
  18 water moccasins
  18 orc warriors
  11 ice beasts
  A wasp (Lair:8)
  5 sky beasts
  6 black bears
  2 phantoms
  A necrophage (D:11)
  6 ogres
  2 eyes of draining (D:4)
  3 wolves
  11 crocodiles
  8 centaurs
  3 big kobolds
  An earth elemental (Elf:1)
  18 giant frogs
  4 scorpions
  21 killer bees
  4 jellies
  4 howler monkeys
  5 wights (D:11)
  2 electric eels
  4 crimson imps
  2 centaur zombies
  7 hounds
  A quasit (D:9)
  16 orc priests
  3 giant frog zombies
  2 centaur skeletons
  7 iguanas
  21 worker ants
  6 orc wizards
  20 sheep
  A hound zombie (D:10)
  A hound skeleton (D:5)
  3 mummies (Ossuary)
  4 gnolls
  10 adders
  39 river rats
  2 shadow imps
  14 white imps
  An ufetubus (D:9)
  2 oozes
  2 adder skeletons
  12 worms
  A dart slug (D:3)
  8 giant geckos
  39 orcs
  3 giant cockroaches
  2 gnoll zombies (Ossuary)
  6 goblins
  6 hobgoblins
  10 jackals
  25 kobolds
  7 quokkas
  3 ball pythons (D:1)
  7 bats
  6 giant newts
  2 gnoll skeletons (Ossuary)
  A goblin skeleton (Ossuary)
  2 goblin zombies (Ossuary)
  3 hobgoblin skeletons (Ossuary)
  2 hobgoblin zombies (Ossuary)
  3 kobold skeletons (Ossuary)
  A kobold zombie (Ossuary)
  An orc skeleton (Ossuary)
  3 orc zombies (Ossuary)
  A quokka skeleton (D:5)
  9 rats
  3 rat skeletons (Ossuary)
  6 rat zombies (Ossuary)
  A butterfly (Lair:5)
  3 fungi
  3 plants
767 creatures vanquished.

Vanquished Creatures (collateral kills)
  Agnes (Elf:1)
  A fire dragon (Lair:8)
  3 dancing weapons (Elf:1)
  2 orc high priests (Orc:2)
  A hill giant (D:12)
  2 deep elf archers
  A lindwurm (Lair:6)
  An orc sorcerer (Orc:1)
  2 deep elf magi (Elf:1)
  A cyclops (Orc:1)
  2 elephants (Lair:7)
  2 black mambas (Lair:8)
  2 torpor snails
  2 komodo dragons (Lair:7)
  A rime drake (Lair:8)
  3 blink frogs (Lair:7)
  A giant leech (Lair:8)
  2 yaks
  A fire elemental (Elf:1)
  A hippogriff (Lair:7)
  A warg (Orc:1)
  3 water moccasins
  2 soldier ants (Lair:7)
  10 orc warriors
  2 wasps (Lair:8)
  2 wolves (Lair:6)
  A crocodile (Lair:8)
  A giant frog (Lair:7)
  2 killer bees (Orc:1)
  4 orc wizards
  11 orc priests
  An iguana (Lair:6)
  4 worker ants (Lair:7)
  A gnoll (Orc:2)
  7 river rats (Lair:8)
  9 worms (Lair:8)
  22 orcs
  A plant (Lair:8)
116 creatures vanquished.

Vanquished Creatures (others)
  10 dancing weapons
  2 deep elf archers
  4 deep elf magi
  An orc sorcerer (Elf:2)
  An air elemental (Elf:2)
  Menkaure (Ossuary)
  2 gnoll zombies (Ossuary)
  3 gnoll skeletons (Ossuary)
  A goblin skeleton (Ossuary)
  A hobgoblin zombie (Ossuary)
  4 kobold skeletons (Ossuary)
  2 orc skeletons (Ossuary)
  2 orc zombies (Ossuary)
  2 rat skeletons (Ossuary)
  4 rat zombies (Ossuary)
  17 fungi
  24 plants
81 creatures vanquished.

Grand Total: 964 creatures vanquished

Notes
Turn   | Place    | Note
--------------------------------------------------------------
     0 | D:1      | Enroth the Deep Elf Earth Elementalist began the quest for the Orb.
     0 | D:1      | Reached XP level 1. HP: 10/10 MP: 6/6
   200 | D:1      | Reached XP level 2. HP: 15/15 MP: 1/8
   868 | D:2      | Reached XP level 3. HP: 19/19 MP: 7/10
   873 | D:2      | Learned a level 3 spell: Stone Arrow
  1006 | D:2      | Reached skill level 4 in Spellcasting
  1124 | D:2      | Reached XP level 4. HP: 24/24 MP: 7/12
  1397 | D:2      | Found an opulent altar of Gozag.
  1398 | D:2      | Found a deep blue altar of Sif Muna.
  1575 | D:2      | Became a worshipper of Gozag Ym Sagoz the Greedy
  1663 | D:3      | Reached skill level 1 in Shields
  1913 | D:3      | Found a sacrificial altar of Ru.
  1970 | D:3      | Found a faded altar to an unknown god.
  2474 | D:4      | Reached skill level 5 in Spellcasting
  2474 | D:4      | Reached XP level 5. HP: 28/28 MP: 10/14
  2484 | D:4      | Learned a level 5 spell: Lee's Rapid Deconstruction
  2497 | D:4      | Found a bloodstained altar of Trog.
  2497 | D:4      | Noticed an eye of draining
  2497 | D:4      | Noticed an eye of draining
  2505 | D:4      | Killed an eye of draining
  2505 | D:4      | Reached skill level 5 in Earth Magic
  2523 | D:4      | Killed an eye of draining
  2523 | D:4      | Reached skill level 6 in Spellcasting
  2523 | D:4      | Reached XP level 6. HP: 17/32 MP: 0/17
  2608 | D:5      | Entered Level 5 of the Dungeon
  2719 | D:5      | Found a sand-covered staircase.
  2729 | Ossuary  | Entered an ossuary
  2745 | Ossuary  | Reached XP level 7. HP: 36/36 MP: 4/19
  3122 | Ossuary  | Noticed Menkaure
  3128 | Ossuary  | Killed Menkaure
  3129 | Ossuary  | Reached skill level 7 in Spellcasting
  3230 | D:5      | Found Amyhist's Gadget Boutique.
  3239 | D:5      | Noticed Edmund
  3284 | D:5      | Killed Edmund
  3585 | D:5      | Found a basalt altar of Yredelemnul.
  3585 | D:5      | Found a shattered altar of Ashenzari.
  3631 | D:5      | Bought a +0 rod of ignition (12/12) for 935 gold pieces
  3824 | D:6      | Noticed Prince Ribbit
  3827 | D:6      | Killed Prince Ribbit
  3827 | D:6      | Reached skill level 8 in Spellcasting
  3827 | D:6      | Reached XP level 8. HP: 22/41 MP: 18/22
  3838 | D:6      | Noticed Sigmund
  4039 | D:6      | Killed Sigmund
  4158 | D:6      | Reached skill level 9 in Spellcasting
  4410 | D:7      | Found a blossoming altar of Fedhas.
  4431 | D:7      | Reached skill level 1 in Armour
  4565 | D:7      | Reached skill level 11 in Spellcasting
  4565 | D:7      | Reached XP level 9. HP: 50/50 MP: 23/26
  4735 | D:7      | Found a staircase to the Ecumenical Temple.
  4742 | Temple   | Entered the Ecumenical Temple
  4892 | D:7      | Reached XP level 10. HP: 56/56 MP: 25/27
  4945 | D:7      | Found a burning altar of Makhleb.
  6280 | D:10     | Entered Level 10 of the Dungeon
  6280 | D:10     | Noticed Sonja
  6580 | D:10     | Reached skill level 10 in Earth Magic
  6731 | D:10     | Noticed a hill giant
  6753 | D:10     | Killed a hill giant
  6753 | D:10     | Reached skill level 12 in Spellcasting
  6785 | D:10     | Learned a level 4 spell: Petrify
  6893 | D:10     | Killed Sonja
  7009 | D:10     | Reached XP level 11. HP: 54/60 MP: 24/29
  7280 | D:10     | Found a staircase to the Lair.
  7793 | D:9      | Reached skill level 13 in Spellcasting
  8132 | D:11     | Found Turopn's Distillery.
  8143 | D:11     | Bought a potion of heal wounds for 55 gold pieces
  8143 | D:11     | Bought a potion of magic for 88 gold pieces
  8143 | D:11     | Bought a potion of heal wounds for 55 gold pieces
  8143 | D:11     | Bought a potion of heal wounds for 55 gold pieces
  8175 | D:11     | Noticed a deep elf mage
  8180 | D:11     | Killed a deep elf mage
  8194 | D:11     | Noticed a red ugly thing
  8481 | D:11     | Learned a level 9 spell: Dragon's Call
  8579 | D:11     | Killed a red ugly thing
  8751 | D:11     | Noticed a brown ugly thing
  8763 | D:11     | Killed a brown ugly thing
  8764 | D:11     | Reached skill level 1 in Summonings
  8995 | Lair:1   | Entered Level 1 of the Lair of Beasts
  9108 | Lair:1   | Found a frozen archway.
  9127 | Lair:1   | Reached skill level 14 in Spellcasting
  9145 | Lair:1   | Reached XP level 12. HP: 45/64 MP: 4/32
  9211 | IceCv    | Entered an ice cave
  9666 | IceCv    | Learned a level 8 spell: Necromutation
  9834 | Lair:1   | Noticed a six-headed hydra
  9836 | Lair:1   | Killed a six-headed hydra
  9836 | Lair:1   | Reached skill level 1 in Necromancy
 10245 | Lair:1   | You fall through a shaft!
 10281 | Lair:2   | Gained mutation: You are partially covered in iridescent scales (AC +4). [potion of mutation]
 10281 | Lair:2   | Gained mutation: You are surrounded by a mild repulsion field (EV +2). [potion of mutation]
 10281 | Lair:2   | Gained mutation: You possess an exceptional clarity of mind. [potion of mutation]
 10381 | Lair:2   | Learned a level 5 spell: Iskenderun's Battlesphere
 10430 | Lair:2   | Reached skill level 1 in Charms
 11270 | Lair:2   | Bought a creamy pearl robe for 136 gold pieces
 11270 | Lair:2   | Bought a bloodstained cloak for 228 gold pieces
 11270 | Lair:2   | Bought a shiny helmet for 108 gold pieces
 11270 | Lair:2   | Bought a pair of runed gloves for 108 gold pieces
 11294 | Lair:2   | Identified the +1 robe "Ityluphi" {*Corrode +Fly MR+++ MP-9} (You bought it in a shop on level 2 of the Lair of Beasts)
 11315 | Lair:2   | Identified the +2 cloak of Noughts and Crosses {Str+4 Slay-4} (You bought it in a shop on level 2 of the Lair of Beasts)
 11321 | Lair:2   | Bought a glowing robe for 16 gold pieces
 11321 | Lair:2   | Bought an embroidered robe for 16 gold pieces
 11427 | Lair:3   | Found a staircase to the Swamp.
 11446 | Lair:3   | Found a staircase to the Snake Pit.
 11773 | Lair:3   | Reached skill level 15 in Spellcasting
 12024 | Lair:3   | Reached skill level 5 in Charms
 12081 | Lair:3   | Noticed Urug
 12090 | Lair:3   | Killed Urug
 12129 | Lair:3   | Got a slimy leather armour
 12140 | Lair:3   | Identified the +0 leather armour "Kule" {rElec rN+ Dex+5} (You found it on level 3 of the Lair of Beasts)
 12366 | Lair:4   | Reached XP level 13. HP: 68/68 MP: 28/34
 13045 | Lair:4   | Gained mutation: You are resistant to hostile enchantments. [potion of mutation]
 13045 | Lair:4   | Gained mutation: You have a pair of small horns on your head. [potion of mutation]
 13241 | Lair:5   | Learned a level 4 spell: Summon Lightning Spire
 14276 | Lair:5   | Reached skill level 1 in Air Magic
 14695 | Lair:6   | Reached skill level 16 in Spellcasting
 15223 | Lair:7   | You fall through a shaft!
 15223 | Lair:8   | Entered Level 8 of the Lair of Beasts
 15316 | Lair:8   | Found a staircase to the Slime Pits.
 15317 | Lair:8   | Found a viscous altar of Jiyva.
 15351 | Lair:7   | Learned a level 5 spell: Bolt of Magma
 15700 | Lair:7   | Learned a level 4 spell: Airstrike
 16368 | Lair:7   | Reached skill level 1 in Evocations
 16689 | Lair:7   | Reached XP level 14. HP: 74/74 MP: 6/36
 18178 | Lair:7   | Gained mutation: You are dopey. (Int -2) [potion of mutation]
 18178 | Lair:7   | Gained mutation: You have sharp toenails. [potion of mutation]
 18315 | Lair:8   | Reached skill level 17 in Spellcasting
 18848 | Lair:8   | Identified a scroll of acquirement
 18916 | Lair:8   | Reached skill level 10 in Shields
 19171 | Lair:8   | Reached skill level 5 in Conjurations
 20350 | Lair:8   | Found a runed door.
 20610 | Lair:8   | Reached skill level 5 in Air Magic
 21191 | Lair:8   | Reached skill level 15 in Earth Magic
 21273 | Lair:8   | Learned a level 9 spell: Shatter
 21450 | Lair:1   | Learned a level 3 spell: Ignite Poison
 21457 | Lair:1   | Learned a level 6 spell: Deflect Missiles
 21464 | Lair:1   | Learned a level 6 spell: Iron Shot
 21491 | Snake:1  | Entered Level 1 of the Snake Pit
 21930 | D:12     | Learned a level 3 spell: Regeneration
 22363 | D:12     | Reached skill level 18 in Spellcasting
 22550 | D:12     | Found a staircase to the Orcish Mines.
 22563 | Orc:1    | Entered Level 1 of the Orcish Mines
 22858 | Orc:1    | Reached XP level 15. HP: 70/78 MP: 33/39
 23203 | Orc:2    | Entered Level 2 of the Orcish Mines
 24509 | Orc:2    | Found a staircase to the Elven Halls.
 24641 | Orc:2    | Found a roughly hewn altar of Beogh.
 24870 | Orc:2    | Found Liad's Food Shoppe.
 24870 | Orc:2    | Found Rudaon Ream's Jewellery Shoppe.
 24871 | Orc:2    | Found Neoxzov's Book Emporium.
 24871 | Orc:2    | Found Jibausus's Magic Scroll Shoppe.
 24880 | Orc:2    | Bought the ring of Contentment {Fragile AC+4 Str+4 Dex+3 SInv} for 619 gold pieces
 24880 | Orc:2    | Bought an uncursed ring of magical power for 220 gold pieces
 24889 | Orc:2    | Bought a scroll of fear for 52 gold pieces
 24889 | Orc:2    | Bought a scroll of recharging for 142 gold pieces
 24892 | Orc:2    | Bought a beef jerky for 21 gold pieces
 24892 | Orc:2    | Bought a slice of pizza for 21 gold pieces
 24892 | Orc:2    | Bought a slice of pizza for 21 gold pieces
 24892 | Orc:2    | Bought a meat ration for 70 gold pieces
 24892 | Orc:2    | Bought a bread ration for 70 gold pieces
 24892 | Orc:2    | Bought a meat ration for 70 gold pieces
 24892 | Orc:2    | Bought a slice of pizza for 21 gold pieces
 24892 | Orc:2    | Bought a bread ration for 70 gold pieces
 24892 | Orc:2    | Bought a bread ration for 70 gold pieces
 24892 | Orc:2    | Bought a bread ration for 70 gold pieces
 24892 | Orc:2    | Bought a bread ration for 70 gold pieces
 24892 | Orc:2    | Bought 5 fruits for 105 gold pieces
 24892 | Orc:2    | Bought a bread ration for 70 gold pieces
 24892 | Orc:2    | Bought a meat ration for 70 gold pieces
 24975 | Elf:1    | Entered Level 1 of the Elven Halls
 24975 | Elf:1    | Noticed Nikola
 24995 | Elf:1    | Killed Nikola
 25379 | Elf:1    | Noticed Agnes
 25406 | Elf:1    | Killed Agnes
 25721 | Elf:1    | Noticed Louise
 25743 | Elf:1    | Killed Louise
 26096 | Elf:1    | Reached skill level 19 in Spellcasting
 26709 | Elf:2    | Reached skill level 5 in Evocations
 27059 | Elf:2    | Found a runed gate.
 27059 | Elf:2    | Found a runed gate.
 27061 | Elf:2    | Found a runed gate.
 27196 | Elf:2    | Slain by a dire flail of crushing

Skill      XL: |  1  2  3  4  5  6  7  8  9 10 11 12 13 14 15 |
---------------+----------------------------------------------+-----
Earth Magic    | 4 5 6 8 10 12 13 14 15 | 15.8
Spellcasting   | 4 5 6 8 11 12 14 15 16 18 19 | 19.1
Shields        | 1 2 3 6 7 8 9 10 11 | 11.2
Dodging        | 3 6 7 |  7.1
Armour         | 3 4 |  4.0
Fighting       | 3 |  3.3
Conjurations   | 4 5 6 |  6.4
Summonings     | 1 3 4 |  4.6
Necromancy     | 1 |  1.2
Stealth        | 3 |  3.8
Charms         | 5 6 |  6.3
Air Magic      | 3 5 |  5.4
Evocations     | 1 2 5 |  5.3
Transmutations | |  1.1

Action                   |  1- 3 |  4- 6 |  7- 9 | 10-12 | 13-15 || total
-------------------------+-------+-------+-------+-------+-------++-------
Melee: Headbutt          |       |       |       |       |    59 ||    59
       Staff             |       |       |       |       |   145 ||   145
       Kick              |       |       |       |       |    95 ||    95
 Cast: Sandblast         |    63 |    79 |   116 |   349 |   190 ||   797
       Stone Arrow       |       |     3 |     4 |    30 |   441 ||   478
       Lee's Rapid Decon |       |       |     1 |    69 |   196 ||   266
       Iskenderun's Batt |       |       |       |     1 |       ||     1
       Summon Lightning  |       |       |       |       |    99 ||    99
       Airstrike         |       |       |       |       |     7 ||     7
       Regeneration      |       |       |       |       |     4 ||     4
       Iron Shot         |       |       |       |       |     3 ||     3
Invok: Call Merchant     |       |       |       |     1 |     1 ||     2
       Potion Petition   |       |       |       |     1 |       ||     1
       Bribe Branch      |       |       |       |       |     1 ||     1
Evoke: Wand              |       |     2 |       |     1 |    65 ||    68
       Rod               |       |       |     2 |     4 |    17 ||    23
       Staff of energy   |       |       |       |       |     6 ||     6
       Phantom mirror    |       |       |       |       |     1 ||     1
  Use: Scroll            |     5 |     4 |     4 |    13 |    23 ||    49
       Potion            |       |       |    12 |     5 |     9 ||    26
  Eat: Beef jerky        |       |     2 |     1 |     9 |     3 ||    15
       Chunk             |       |     1 |       |       |       ||     1
       Fruit             |       |     1 |     1 |     2 |    42 ||    46
       Pizza             |       |       |     1 |     1 |     3 ||     5
       Meat ration       |       |       |     1 |     2 |       ||     3
       Bread ration      |       |       |       |     1 |     1 ||     2
       Royal jelly       |       |       |       |       |     3 ||     3
Armor: Robe              |     4 |     3 |     2 |    12 |       ||    21
       Leather armour    |       |       |       |     8 |    33 ||    41
Dodge: Dodged            |    23 |    14 |     9 |    89 |   117 ||   252
Block: Buckler           |       |       |     7 |    20 |       ||    27
       Shield            |       |       |       |    27 |   148 ||   175
